Americans vs Barons

Created - Sunday, December 28, 2014 at 23:22

Goals
1 2 3 OT1 T
Americans 0 1 0 0 1
Barons 0 0 1 1 2
Shots
1 2 3 OT1 T
Americans 6 3 16 0 25
Barons 5 7 3 2 17

1st period

No Goal

Penalties :
Rasmus Ristolainen (RCH) for High sticking (Double Minor) at 15:59

2nd period

1. Americans , Jack Skille 26 (Max Reinhart, Jerome Samson) at 11:03

Penalties :
Jerome Samson (RCH) for Roughing (Minor) at 6:02, Max Reinhart (RCH) for Hooking (Minor) at 18:58

3rd period

2. Barons , Chuck Kobasew 15 (Steve Bernier, Andy Miele) at 5:09 (PP)

Penalties :
David Musil (OKC) for Roughing (Minor) at 0:10, Farm Player9 (RCH) for Hooking (Minor) at 4:43, David Musil (OKC) for Roughing (Minor) at 5:26

Overtime #1

3. Barons , Devin Setoguchi 23 (John Negrin, Ryan Spooner) at 1:11

Penalties :
No Penalty

Goalie Stats

Petr Mrazek (RCH), 15 saves from 17 shots - (0.882), OTL, 23-3-3, 61:11 minutes
Ray Emery (OKC), 24 saves from 25 shots - (0.960), W, 30-3-4, 61:11 minutes

Players Stats for Americans

Player Name              G  A  P  +/- PIM S  H  SB GA TA FO     MP     PP MP  PK MP  
------------------------------------------------------------------------------------
Christopher Breen        0  0  0   1  0   0  0  2  0  1  0/0     9:22   0:00   0:00 
Davis Drewiske           0  0  0   0  0   1  1  0  0  2  0/0    14:34   0:00   4:25 
Doug Janik               0  0  0   0  0   1  2  0  1  2  0/0    17:31   0:50   1:59 
Dylan DeMelo             0  0  0  -1  0   2  2  0  0  1  0/0    17:04   1:59   0:00 
Farm Player9             0  0  0   1  2   0  1  0  0  0  0/0    13:55   0:22   2:03 
Jack Skille              1  0  1   1  0   2  2  0  3  0  0/0    16:44   1:26   1:38 
Jamie MacQueen           0  0  0   0  0   1  0  0  1  1  2/2    16:59   0:00   3:32 
Jerome Samson            0  1  1   0  2   3  3  1  4  2  3/8    23:16   1:37   2:09 
Kale Kessy               0  0  0   0  0   0  2  0  0  0  0/0    13:26   0:00   0:00 
Kevin Sundher            0  0  0   0  0   3  0  2  1  2  7/8    14:25   0:11   0:00 
Max Reinhart             0  1  1   0  2   1  0  5  2  0  1/6    21:29   1:37   2:03 
Maxime Sauve             0  0  0   0  0   1  1  1  1  0  0/0    18:20   1:34   1:18 
Nate Schmidt             0  0  0  -1  0   3  1  1  1  4  0/0    25:40   2:21   5:37 
Nick Cousins             0  0  0   0  0   1  2  0  0  0  0/0     7:51   0:00   0:00 
Nick Drazenovic          0  0  0   0  0   2  1  0  3  0  6/7    18:18   1:34   1:17 
Peter Andersson          0  0  0   0  0   0  1  0  0  0  0/0    17:31   0:50   1:59 
Rasmus Ristolainen       0  0  0   0  4   0  0  1  0  2  0/0    10:58   0:00   1:12 
Spencer Abbott           0  0  0   0  0   4  1  1  5  0  0/2    18:49   1:34   1:12 

Players Stats for Barons

Player Name              G  A  P  +/- PIM S  H  SB GA TA FO     MP     PP MP  PK MP  
------------------------------------------------------------------------------------
Andy Miele               0  1  1   0  0   1  1  0  3  2  8/12   20:19   3:31   2:25 
Brad Winchester          0  0  0  -1  0   0  0  0  0  1  0/0     4:17   1:18   0:00 
Chris Porter             0  0  0   0  0   1  2  0  0  1  0/0    13:58   1:18   0:00 
Chuck Kobasew            1  0  1   0  0   1  1  0  3  0  0/0    17:34   3:42   0:06 
Daniel New               0  0  0  -1  0   0  2  0  0  2  0/0    18:14   0:22   2:07 
David Kolomatis          0  0  0   0  0   1  0  3  0  0  0/0    26:25   3:37   1:04 
David Musil              0  0  0  -1  4   0  3  1  0  0  0/0    23:59   3:37   0:00 
Devin Setoguchi          1  0  1   1  0   2  5  0  2  0  1/2    20:54   2:36   0:11 
John Negrin              0  1  1   1  0   1  3  0  0  0  0/0    23:02   2:46   2:13 
Marc Cantin              0  0  0   0  0   0  0  0  0  0  0/0     6:39   1:41   0:00 
Mike Rupp                0  0  0   0  0   0  0  0  0  0  0/0     0:00   0:00   0:00 
Ryan Spooner             0  1  1   0  0   2  0  0  3  1  2/11   20:48   2:36   0:40 
Saku Koivu               0  0  0  -1  0   2  0  3  0  0  1/2    15:16   0:04   0:00 
Shawn Thornton           0  0  0   0  0   1  0  0  3  0  0/1    15:29   1:25   0:00 
Steve Bernier            0  1  1   0  0   2  2  0  2  1  0/0    17:25   3:42   0:00 
Teemu Pulkkinen          0  0  0   0  0   2  3  0  1  0  0/1    12:01   0:00   0:06 
Tommy Cross              0  0  0   1  0   0  1  2  0  0  0/0    24:09   3:08   0:58 
Torrey Mitchell          0  0  0   0  0   1  1  0  3  2  2/4    20:10   2:36   2:54 

3 Stars

1 - Devin Setoguchi (OKC)
2 - Ray Emery (OKC)
3 - Jack Skille (RCH)

Power Play

Americans - 0 on 2 Attempt(s) - 0.00%
Barons - 1 on 5 Attempt(s) - 20.00%

Penalty Kill

Americans - 4 on 5 Attempt(s) - 80.00% - Score 0 goal in Penalty Kill
Barons - 2 on 2 Attempt(s) - 100.00% - Score 0 goal in Penalty Kill

Official

Referees : Unknown
Linesman : Unknown

Game Notes

Rasmus Ristolainen is injured at 18:33 of 2nd period (Strained Left Elbow)

Finance

Level 1 -- Attendance: 1368 (68.40%) -- Ticket Income $54,720
Level 2 -- Attendance: 787 (78.70%) -- Ticket Income $15,740
Total Attendance: 2155 (71.83%)
Total Ticket Income: $70,460
Other Income: $34,525
Total Income: $104,985

Americans

5 vs 5 Forward 
   Center                   Left Wing                Right Wing               Time % Phy DF OF 
 1 Max Reinhart             Jack Skille              Jerome Samson            35     1   2  2  
 2 Nick Drazenovic          Maxime Sauve             Spencer Abbott           30     1   2  2  
 3 Kevin Sundher            Jamie MacQueen           Kale Kessy               22     1   2  2  
 4 Nick Cousins             Jerome Samson            Max Reinhart             13     1   2  2  

5 vs 5 Defense 
   Defense                  Defense                                           Time % Phy DF OF 
 1 Rasmus Ristolainen       Nate Schmidt                                      35     1   2  2  
 2 Doug Janik               Peter Andersson                                   30     1   2  2  
 3 Dylan DeMelo             Davis Drewiske                                    22     1   2  2  
 4 Christopher Breen        Farm Player9                                      13     1   2  2  

PowerPlay Forward 
   Center                   Left Wing                Right Wing               Time % Phy DF OF 
 1 Max Reinhart             Jack Skille              Jerome Samson            60     1   2  2  
 2 Nick Drazenovic          Maxime Sauve             Spencer Abbott           40     1   2  2  

PowerPlay Defense
   Defense                  Defense                                           Time % Phy DF OF 
 1 Rasmus Ristolainen       Nate Schmidt                                      60     1   2  2  
 2 Doug Janik               Peter Andersson                                   40     1   2  2  

Penalty Kill 4 Players Forward 
   Center                   Wing                     Time % Phy DF OF 
 1 Jerome Samson            Max Reinhart             60     1   2  2  
 2 Spencer Abbott           Jack Skille              40     1   2  2  

Penalty Kill 4 Players Defense
   Defense                  Defense                  Time % Phy DF OF 
 1 Rasmus Ristolainen       Nate Schmidt             60     1   2  2  
 2 Doug Janik               Peter Andersson          40     1   2  2  

Penalty Kill - 3 Players Forward 
   Forward                                           Time % Phy DF OF 
 1 Jerome Samson                                     60     1   2  2  
 2 Max Reinhart                                      40     1   2  2  

Penalty Kill - 3 Players Defense
   Defense                  Defense                  Time % Phy DF OF 
 1 Rasmus Ristolainen       Nate Schmidt             60     1   2  2  
 2 Doug Janik               Peter Andersson          40     1   2  2  

4 vs 4 Forward 
   Center                   Wing                     Time % Phy DF OF 
 1 Jerome Samson            Max Reinhart             60     1   2  2  
 2 Spencer Abbott           Jack Skille              40     1   2  2  

4 vs 4 Defense
   Defense                  Defense                  Time % Phy DF OF 
 1 Rasmus Ristolainen       Nate Schmidt             60     1   2  2  
 2 Doug Janik               Peter Andersson          40     1   2  2  

Last Minutes Offensive
   Center                   Left Wing                Right Wing               Defense                  Defense                  
   Max Reinhart             Jack Skille              Jerome Samson            Rasmus Ristolainen       Nate Schmidt             

Last Minutes Defensive
   Center                   Left Wing                Right Wing               Defense                  Defense                  
   Max Reinhart             Jack Skille              Jerome Samson            Rasmus Ristolainen       Nate Schmidt             

Goaltenders
Starting : Petr Mrazek              
Backup : Louis Domingue           

Extra Forwards
Normal : Kevin Sundher, Nick Cousins, Jamie MacQueen - PP : Kevin Sundher, Nick Cousins - PK : Jamie MacQueen
Extra Defensemen
Normal : Dylan DeMelo, Davis Drewiske, Christopher Breen - PP : Dylan DeMelo - PK : Davis Drewiske, Christopher Breen
Penalty Shots
Jerome Samson, Max Reinhart, Spencer Abbott, Jack Skille, Nick Drazenovic

Barons

5 vs 5 Forward 
   Center                   Left Wing                Right Wing               Time % Phy DF OF 
 1 Ryan Spooner             Saku Koivu               Devin Setoguchi          30     0   1  4  
 2 Torrey Mitchell          Steve Bernier            Chuck Kobasew            30     0   1  4  
 3 Andy Miele               Teemu Pulkkinen          Torrey Mitchell          30     0   1  4  
 4 Devin Setoguchi          Chris Porter             Shawn Thornton           10     1   2  2  

5 vs 5 Defense 
   Defense                  Defense                                           Time % Phy DF OF 
 1 David Kolomatis          Tommy Cross                                       35     1   2  2  
 2 John Negrin              David Musil                                       30     1   2  2  
 3 David Kolomatis          Tommy Cross                                       22     1   2  2  
 4 Daniel New               David Musil                                       13     1   2  2  

PowerPlay Forward 
   Center                   Left Wing                Right Wing               Time % Phy DF OF 
 1 Ryan Spooner             Torrey Mitchell          Devin Setoguchi          60     0   1  4  
 2 Andy Miele               Steve Bernier            Chuck Kobasew            40     0   1  4  

PowerPlay Defense
   Defense                  Defense                                           Time % Phy DF OF 
 1 David Kolomatis          David Musil                                       60     1   2  2  
 2 John Negrin              Tommy Cross                                       40     1   2  2  

Penalty Kill 4 Players Forward 
   Center                   Wing                     Time % Phy DF OF 
 1 Andy Miele               Torrey Mitchell          60     1   2  2  
 2 Teemu Pulkkinen          Chuck Kobasew            40     1   2  2  

Penalty Kill 4 Players Defense
   Defense                  Defense                  Time % Phy DF OF 
 1 David Kolomatis          Tommy Cross              60     1   2  2  
 2 John Negrin              Daniel New               40     1   2  2  

Penalty Kill - 3 Players Forward 
   Forward                                           Time % Phy DF OF 
 1 Torrey Mitchell                                   60     1   2  2  
 2 Andy Miele                                        40     1   2  2  

Penalty Kill - 3 Players Defense
   Defense                  Defense                  Time % Phy DF OF 
 1 David Musil              Tommy Cross              60     1   2  2  
 2 John Negrin              David Kolomatis          40     1   2  2  

4 vs 4 Forward 
   Center                   Wing                     Time % Phy DF OF 
 1 Ryan Spooner             Devin Setoguchi          60     1   2  2  
 2 Teemu Pulkkinen          Torrey Mitchell          40     1   2  2  

4 vs 4 Defense
   Defense                  Defense                  Time % Phy DF OF 
 1 David Kolomatis          David Musil              60     1   2  2  
 2 John Negrin              Tommy Cross              40     1   2  2  

Last Minutes Offensive
   Center                   Left Wing                Right Wing               Defense                  Defense                  
   Ryan Spooner             Saku Koivu               Devin Setoguchi          Torrey Mitchell          David Kolomatis          

Last Minutes Defensive
   Center                   Left Wing                Right Wing               Defense                  Defense                  
   Andy Miele               Torrey Mitchell          Teemu Pulkkinen          David Kolomatis          David Musil              

Goaltenders
Starting : Ray Emery                
Backup : Josh Robinson            

Extra Forwards
Normal : Shawn Thornton, Chris Porter, Ryan Spooner - PP : Shawn Thornton, Chris Porter - PK : Ryan Spooner
Extra Defensemen
Normal : David Kolomatis, David Musil, John Negrin - PP : David Kolomatis - PK : David Kolomatis, John Negrin
Penalty Shots
Devin Setoguchi, Steve Bernier, Torrey Mitchell, Andy Miele, Teemu Pulkkinen

% Time on Ice - Americans

Lines # - Real PCT - Wanted PCT - Time Play
Normal Forward
1 - 26% - 35% - 12:37
2 - 32% - 30% - 15:40
3 - 28% - 22% - 13:28
4 - 14% - 13% - 6:41
Normal Defense
1 - 33% - 35% - 16:00
2 - 30% - 30% - 14:42
3 - 18% - 22% - 8:37
4 - 19% - 13% - 9:07
PP Forward
1 - 51% - 60% - 1:37
2 - 49% - 40% - 1:34
PP Defense
1 - 74% - 60% - 2:21
2 - 26% - 40% - 0:50
PK Forward
1 - 84% - 60% - 6:24
2 - 16% - 40% - 1:12
PK Defense
1 - 74% - 60% - 5:37
2 - 26% - 40% - 1:59
PK3 Forward
1 - 0% - 60%
2 - 0% - 40%
PK3 Defense
1 - 0% - 60%
2 - 0% - 40%
44 Forward
1 - 100% - 60% - 1:58
2 - 0% - 40% - 0:00
44 Defense
1 - 100% - 60% - 1:58
2 - 0% - 40% - 0:00
Last Minute Offensive  - 0:00
Last Minute Defensive  - 0:00
Total
Forward - 61:11
Defense - 61:11

% Time on Ice - Barons

Lines # - Real PCT - Wanted PCT - Time Play
Normal Forward
1 - 31% - 30% - 14:56
2 - 28% - 30% - 13:46
3 - 25% - 30% - 11:53
4 - 16% - 10% - 7:51
Normal Defense
1 - 35% - 35% - 16:45
2 - 22% - 30% - 10:30
3 - 13% - 22% - 6:12
4 - 31% - 13% - 14:59
PP Forward
1 - 41% - 60% - 3:06
2 - 59% - 40% - 4:30
PP Defense
1 - 64% - 60% - 4:53
2 - 36% - 40% - 2:43
PK Forward
1 - 97% - 60% - 3:05
2 - 3% - 40% - 0:06
PK Defense
1 - 34% - 60% - 1:04
2 - 66% - 40% - 2:07
PK3 Forward
1 - 0% - 60%
2 - 0% - 40%
PK3 Defense
1 - 0% - 60%
2 - 0% - 40%
44 Forward
1 - 100% - 60% - 1:58
2 - 0% - 40% - 0:00
44 Defense
1 - 66% - 60% - 1:18
2 - 34% - 40% - 0:40
Last Minute Offensive  - 0:00
Last Minute Defensive  - 0:00
Total
Forward - 61:11
Defense - 61:11

Play by Play

1st period


0:01 of 1st period - Saku Koivu wins face-off versus Max Reinhart in neutral zone.
0:38 of 1st period - Slapshot by Jack Skille.
0:38 of 1st period - Stopped by Ray Emery with a rebound.
1:06 of 1st period - Wrist shot by Spencer Abbott.
1:06 of 1st period - Shot Blocked by Saku Koivu.
1:08 of 1st period - Slapshot by Doug Janik.
1:08 of 1st period - Shot Blocked by David Kolomatis.
1:12 of 1st period - Snap shot by Nick Drazenovic.
1:12 of 1st period - Deflect By Maxime Sauve.
1:12 of 1st period - Stopped by Ray Emery without a rebound.
1:13 of 1st period - Kevin Sundher wins face-off versus Torrey Mitchell in Barons zone.
2:02 of 1st period - Davis Drewiske is hit by Andy Miele and loses puck.
2:45 of 1st period - Chris Porter is hit by Doug Janik and loses puck.
3:32 of 1st period - Snap shot by Nick Drazenovic.
3:32 of 1st period - Shot Misses the Net.
3:34 of 1st period - Snap shot by Spencer Abbott.
3:34 of 1st period - Stopped by Ray Emery with a rebound.
4:50 of 1st period - Nick Drazenovic is hit by Tommy Cross and loses puck.
5:21 of 1st period - Slapshot by Rasmus Ristolainen.
5:21 of 1st period - Shot Misses the Net.
5:48 of 1st period - Slapshot by Nate Schmidt.
5:48 of 1st period - Shot Misses the Net.
6:14 of 1st period - Slapshot by Max Reinhart.
6:14 of 1st period - Shot Misses the Net.
7:06 of 1st period - Slapshot by Andy Miele.
7:06 of 1st period - Shot Misses the Net.
7:08 of 1st period - Snap shot by Teemu Pulkkinen.
7:08 of 1st period - Shot Blocked by Max Reinhart.
7:12 of 1st period - Snap shot by Chris Porter.
7:12 of 1st period - Stopped by Petr Mrazek with a rebound.
7:36 of 1st period - Saku Koivu is hit by Kale Kessy and loses puck.
8:00 of 1st period - Davis Drewiske is hit by David Musil and loses puck.
10:27 of 1st period - Max Reinhart is hit by Chris Porter and loses puck.
10:42 of 1st period - Christopher Breen is hit by Steve Bernier and loses puck.
11:11 of 1st period - Teemu Pulkkinen is hit by Nick Cousins and loses puck.
11:28 of 1st period - Slapshot by Nick Cousins.
11:28 of 1st period - Stopped by Ray Emery with a rebound.
11:30 of 1st period - Slapshot by Dylan DeMelo.
11:30 of 1st period - Deflect By Ryan Spooner.
11:30 of 1st period - Stopped by Ray Emery with a rebound.
11:32 of 1st period - Slapshot by Davis Drewiske.
11:32 of 1st period - Shot Misses the Net.
11:34 of 1st period - Backhand shot by Dylan DeMelo.
11:34 of 1st period - Stopped by Ray Emery with a rebound.
12:02 of 1st period - Snap shot by Shawn Thornton.
12:02 of 1st period - Stopped by Petr Mrazek without a rebound.
12:03 of 1st period - Devin Setoguchi wins face-off versus Max Reinhart in Americans zone.
12:15 of 1st period - Icing by Max Reinhart.
12:16 of 1st period - Kevin Sundher wins face-off versus Saku Koivu in Americans zone.
12:31 of 1st period - Slapshot by Nate Schmidt.
12:31 of 1st period - Shot Misses the Net.
12:47 of 1st period - Steve Bernier is hit by Farm Player9 and loses puck.
13:12 of 1st period - Slapshot by Teemu Pulkkinen.
13:12 of 1st period - Stopped by Petr Mrazek without a rebound.
13:13 of 1st period - Nick Drazenovic wins face-off versus Andy Miele in Americans zone.
14:13 of 1st period - Wrist shot by Ryan Spooner.
14:13 of 1st period - Shot Misses the Net.
14:15 of 1st period - Snap shot by Devin Setoguchi.
14:15 of 1st period - Shot Misses the Net.
14:17 of 1st period - Wrist shot by Ryan Spooner.
14:17 of 1st period - Shot Blocked by Jerome Samson.
14:19 of 1st period - Snap shot by Ryan Spooner.
14:19 of 1st period - Shot Blocked by Max Reinhart.
14:21 of 1st period - Snap shot by Saku Koivu.
14:21 of 1st period - Stopped by Petr Mrazek with a rebound.
14:23 of 1st period - Wrist shot by Saku Koivu.
14:23 of 1st period - Shot Misses the Net.
15:02 of 1st period - Wrist shot by Torrey Mitchell.
15:02 of 1st period - Shot Misses the Net.
15:04 of 1st period - Snap shot by Chuck Kobasew.
15:04 of 1st period - Shot Misses the Net.
15:28 of 1st period - Wrist shot by Ryan Spooner.
15:28 of 1st period - Stopped by Petr Mrazek with a rebound.
15:59 of 1st period - Double Minor Penalty to Rasmus Ristolainen for High sticking.
16:00 of 1st period - Jamie MacQueen wins face-off versus Andy Miele in Americans zone.
18:32 of 1st period - Davis Drewiske is hit by Chris Porter and loses puck.
19:59 of 1st period - Penalty to Rasmus Ristolainen is over, Rasmus Ristolainen is back on ice.
Goals for this period are 0 for Americans vs 0 for Barons.
Shots for this period are 6 for Americans vs 5 for Barons.

2nd period


0:01 of 2nd period - Torrey Mitchell wins face-off versus Max Reinhart in neutral zone.
0:48 of 2nd period - Tommy Cross is hit by Nick Drazenovic and loses puck.
0:57 of 2nd period - Snap shot by Nick Drazenovic.
0:57 of 2nd period - Shot Misses the Net.
1:05 of 2nd period - Snap shot by Spencer Abbott.
1:05 of 2nd period - Stopped by Ray Emery with a rebound.
1:07 of 2nd period - Snap shot by Nick Drazenovic.
1:07 of 2nd period - Stopped by Ray Emery without a rebound.
1:08 of 2nd period - Kevin Sundher wins face-off versus Teemu Pulkkinen in Barons zone.
1:57 of 2nd period - Ryan Spooner is hit by Davis Drewiske and loses puck.
2:06 of 2nd period - Snap shot by Spencer Abbott.
2:06 of 2nd period - Shot Blocked by Saku Koivu.
3:58 of 2nd period - Wrist shot by Torrey Mitchell.
3:58 of 2nd period - Stopped by Petr Mrazek without a rebound.
3:59 of 2nd period - Andy Miele wins face-off versus Spencer Abbott in Americans zone.
4:58 of 2nd period - Snap shot by Jack Skille.
4:58 of 2nd period - Shot Misses the Net.
5:31 of 2nd period - Snap shot by Torrey Mitchell.
5:31 of 2nd period - Shot Blocked by Max Reinhart.
5:33 of 2nd period - Wrist shot by Teemu Pulkkinen.
5:33 of 2nd period - Shot Blocked by Max Reinhart.
5:43 of 2nd period - Max Reinhart is hit by John Negrin and loses puck.
5:54 of 2nd period - Wrist shot by Ryan Spooner.
5:54 of 2nd period - Shot Misses the Net.
6:02 of 2nd period - Minor Penalty to Jerome Samson for Roughing.
6:03 of 2nd period - Andy Miele wins face-off versus Spencer Abbott in Americans zone.
6:22 of 2nd period - Snap shot by Steve Bernier.
6:22 of 2nd period - Shot Blocked by Rasmus Ristolainen.
6:24 of 2nd period - Backhand shot by John Negrin.
6:24 of 2nd period - Deflect By Rasmus Ristolainen.
6:24 of 2nd period - Stopped by Petr Mrazek with a rebound.
6:41 of 2nd period - Icing by David Kolomatis.
6:42 of 2nd period - Jamie MacQueen wins face-off versus Ryan Spooner in Barons zone.
6:49 of 2nd period - Snap shot by Max Reinhart.
6:49 of 2nd period - Shot Misses the Net.
8:02 of 2nd period - Penalty to Jerome Samson is over, Jerome Samson is back on ice.
8:04 of 2nd period - Rasmus Ristolainen is hit by Devin Setoguchi and loses puck.
8:19 of 2nd period - Chris Porter is hit by Jack Skille and loses puck.
8:42 of 2nd period - Snap shot by Saku Koivu.
8:42 of 2nd period - Stopped by Petr Mrazek without a rebound.
8:43 of 2nd period - Kevin Sundher wins face-off versus Shawn Thornton in Americans zone.
8:43 of 2nd period - Kevin Sundher is hit by John Negrin.
8:59 of 2nd period - Wrist shot by Saku Koivu.
8:59 of 2nd period - Shot Blocked by Kevin Sundher.
9:20 of 2nd period - Teemu Pulkkinen is hit by Dylan DeMelo and loses puck.
10:03 of 2nd period - Slapshot by Steve Bernier.
10:03 of 2nd period - Stopped by Petr Mrazek with a rebound.
10:05 of 2nd period - Slapshot by David Kolomatis.
10:05 of 2nd period - Stopped by Petr Mrazek with a rebound.
10:07 of 2nd period - Wrist shot by Steve Bernier.
10:07 of 2nd period - Shot Misses the Net.
10:44 of 2nd period - Snap shot by Max Reinhart.
10:44 of 2nd period - Shot Misses the Net.
11:03 of 2nd period - Snap shot by Jack Skille.
11:03 of 2nd period - Goal by Jack Skille - Americans : 1 - Barons : 0.
11:04 of 2nd period - Andy Miele wins face-off versus Nick Drazenovic in neutral zone.
11:41 of 2nd period - Slapshot by Torrey Mitchell.
11:41 of 2nd period - Deflect By Chuck Kobasew.
11:41 of 2nd period - Shot Misses the Net.
11:41 of 2nd period - Puck is out of play.
11:42 of 2nd period - Kevin Sundher wins face-off versus Torrey Mitchell in Americans zone.
11:42 of 2nd period - Kevin Sundher is hit by David Musil.
11:50 of 2nd period - Steve Bernier is hit by Peter Andersson and loses puck.
12:32 of 2nd period - David Kolomatis is hit by Jack Skille and loses puck.
15:30 of 2nd period - Wrist shot by Devin Setoguchi.
15:30 of 2nd period - Stopped by Petr Mrazek without a rebound.
15:31 of 2nd period - Nick Drazenovic wins face-off versus Ryan Spooner in Americans zone.
15:31 of 2nd period - Nick Drazenovic is hit by Devin Setoguchi.
16:02 of 2nd period - Snap shot by Jack Skille.
16:02 of 2nd period - Shot Blocked by David Kolomatis.
16:04 of 2nd period - Snap shot by Jerome Samson.
16:04 of 2nd period - Shot Blocked by Saku Koivu.
16:57 of 2nd period - Spencer Abbott is hit by Daniel New and loses puck.
17:06 of 2nd period - Spencer Abbott is hit by Steve Bernier and loses puck.
17:30 of 2nd period - Jerome Samson is hit by Teemu Pulkkinen and loses puck.
18:18 of 2nd period - Snap shot by Steve Bernier.
18:18 of 2nd period - Shot Blocked by Maxime Sauve.
18:32 of 2nd period - Rasmus Ristolainen is hit by Teemu Pulkkinen.
18:33 of 2nd period - Rasmus Ristolainen from Americans is injured at 18:33 of 2nd period (Strained Left Elbow).
18:34 of 2nd period - Andy Miele wins face-off versus Max Reinhart in Americans zone.
18:43 of 2nd period - Wrist shot by Teemu Pulkkinen.
18:43 of 2nd period - Stopped by Petr Mrazek without a rebound.
18:44 of 2nd period - Andy Miele wins face-off versus Max Reinhart in Americans zone.
18:47 of 2nd period - Snap shot by Torrey Mitchell.
18:47 of 2nd period - Shot Misses the Net.
18:58 of 2nd period - Minor Penalty to Max Reinhart for Hooking.
18:59 of 2nd period - Jerome Samson wins face-off versus Ryan Spooner in Americans zone.
19:21 of 2nd period - Slapshot by Torrey Mitchell.
19:21 of 2nd period - Deflect By Ryan Spooner.
19:21 of 2nd period - Shot Blocked by Nate Schmidt.
19:21 of 2nd period - Puck is out of play.
19:22 of 2nd period - Andy Miele wins face-off versus Jerome Samson in Americans zone.
19:37 of 2nd period - Wrist shot by Andy Miele.
19:37 of 2nd period - Shot Misses the Net.
Goals for this period are 1 for Americans vs 0 for Barons.
Shots for this period are 3 for Americans vs 7 for Barons.

3rd period


0:01 of 3rd period - Ryan Spooner wins face-off versus Jerome Samson in neutral zone.
0:04 of 3rd period - Jerome Samson is hit by David Musil.
0:10 of 3rd period - Minor Penalty to David Musil for Roughing.
0:11 of 3rd period - Jerome Samson wins face-off versus Ryan Spooner in Barons zone.
0:28 of 3rd period - Snap shot by Jerome Samson.
0:28 of 3rd period - Shot Misses the Net.
0:58 of 3rd period - Penalty to Max Reinhart is over, Max Reinhart is back on ice.
1:02 of 3rd period - Ryan Spooner is hit by Jerome Samson and loses puck.
1:30 of 3rd period - Nick Drazenovic is hit by Torrey Mitchell and loses puck.
1:37 of 3rd period - Daniel New is hit by Nate Schmidt and loses puck.
2:02 of 3rd period - Jerome Samson is hit by John Negrin and loses puck.
2:10 of 3rd period - Penalty to David Musil is over, David Musil is back on ice.
2:33 of 3rd period - Peter Andersson is hit by Devin Setoguchi and loses puck.
3:26 of 3rd period - Jerome Samson is hit by Devin Setoguchi and loses puck.
3:38 of 3rd period - Tommy Cross is hit by Jerome Samson and loses puck.
3:51 of 3rd period - Slapshot by Steve Bernier.
3:51 of 3rd period - Shot Misses the Net.
4:01 of 3rd period - Snap shot by Steve Bernier.
4:01 of 3rd period - Stopped by Petr Mrazek without a rebound.
4:02 of 3rd period - Torrey Mitchell wins face-off versus Kevin Sundher in Americans zone.
4:21 of 3rd period - Snap shot by Andy Miele.
4:21 of 3rd period - Shot Blocked by Christopher Breen.
4:23 of 3rd period - Slapshot by Andy Miele.
4:23 of 3rd period - Shot Blocked by Spencer Abbott.
4:25 of 3rd period - Slapshot by Andy Miele.
4:25 of 3rd period - Shot Blocked by Christopher Breen.
4:27 of 3rd period - Wrist shot by Chris Porter.
4:27 of 3rd period - Shot Misses the Net.
4:43 of 3rd period - Minor Penalty to Farm Player9 for Hooking.
4:44 of 3rd period - Andy Miele wins face-off versus Jerome Samson in Americans zone.
4:45 of 3rd period - Snap shot by Steve Bernier.
4:45 of 3rd period - Deflect By Andy Miele.
4:45 of 3rd period - Stopped by Petr Mrazek without a rebound.
4:46 of 3rd period - Andy Miele wins face-off versus Jerome Samson in Americans zone.
5:09 of 3rd period - Snap shot by Steve Bernier.
5:09 of 3rd period - Deflect By Chuck Kobasew.
5:09 of 3rd period - Goal by Chuck Kobasew - Americans : 1 - Barons : 1.
5:10 of 3rd period - Nick Drazenovic wins face-off versus Ryan Spooner in neutral zone.
5:13 of 3rd period - Slapshot by Nate Schmidt.
5:13 of 3rd period - Shot Blocked by David Musil.
5:21 of 3rd period - Slapshot by Nate Schmidt.
5:21 of 3rd period - Shot Misses the Net.
5:26 of 3rd period - Minor Penalty to David Musil for Roughing.
5:27 of 3rd period - Max Reinhart wins face-off versus Andy Miele in Barons zone.
5:37 of 3rd period - Slapshot by Nate Schmidt.
5:37 of 3rd period - Stopped by Ray Emery with a rebound.
5:39 of 3rd period - Wrist shot by Jerome Samson.
5:39 of 3rd period - Stopped by Ray Emery with a rebound.
5:41 of 3rd period - Wrist shot by Max Reinhart.
5:41 of 3rd period - Shot Misses the Net.
5:51 of 3rd period - Slapshot by Max Reinhart.
5:51 of 3rd period - Stopped by Ray Emery with a rebound.
5:53 of 3rd period - Slapshot by Dylan DeMelo.
5:53 of 3rd period - Shot Misses the Net.
5:55 of 3rd period - Slapshot by Dylan DeMelo.
5:55 of 3rd period - Shot Blocked by David Kolomatis.
5:57 of 3rd period - Snap shot by Jerome Samson.
5:57 of 3rd period - Stopped by Ray Emery without a rebound.
5:58 of 3rd period - Nick Drazenovic wins face-off versus Andy Miele in Barons zone.
6:01 of 3rd period - Slapshot by Spencer Abbott.
6:01 of 3rd period - Stopped by Ray Emery with a rebound.
6:19 of 3rd period - Torrey Mitchell is hit by Spencer Abbott and loses puck.
7:26 of 3rd period - Penalty to David Musil is over, David Musil is back on ice.
7:26 of 3rd period - Slapshot by Nate Schmidt.
7:26 of 3rd period - Shot Blocked by Tommy Cross.
7:28 of 3rd period - Snap shot by Nick Drazenovic.
7:28 of 3rd period - Stopped by Ray Emery without a rebound.
7:29 of 3rd period - Nick Drazenovic wins face-off versus Devin Setoguchi in Barons zone.
8:00 of 3rd period - Wrist shot by Kevin Sundher.
8:00 of 3rd period - Stopped by Ray Emery without a rebound.
8:01 of 3rd period - Kevin Sundher wins face-off versus Ryan Spooner in Barons zone.
8:04 of 3rd period - Slapshot by Jamie MacQueen.
8:04 of 3rd period - Shot Blocked by Tommy Cross.
8:06 of 3rd period - Snap shot by Davis Drewiske.
8:06 of 3rd period - Stopped by Ray Emery with a rebound.
8:08 of 3rd period - Slapshot by Davis Drewiske.
8:08 of 3rd period - Shot Misses the Net.
8:10 of 3rd period - Snap shot by Jamie MacQueen.
8:10 of 3rd period - Stopped by Ray Emery with a rebound.
8:26 of 3rd period - Snap shot by Kevin Sundher.
8:26 of 3rd period - Stopped by Ray Emery with a rebound.
8:53 of 3rd period - Torrey Mitchell is hit by Doug Janik and loses puck.
9:15 of 3rd period - Jerome Samson is hit by Devin Setoguchi and loses puck.
9:38 of 3rd period - Nate Schmidt is hit by Teemu Pulkkinen and loses puck.
9:46 of 3rd period - Andy Miele is hit by Maxime Sauve and loses puck.
10:03 of 3rd period - Slapshot by Kevin Sundher.
10:03 of 3rd period - Shot Misses the Net.
10:05 of 3rd period - Snap shot by Kevin Sundher.
10:05 of 3rd period - Stopped by Ray Emery with a rebound.
10:07 of 3rd period - Snap shot by Kevin Sundher.
10:07 of 3rd period - Shot Hit the Post.
10:09 of 3rd period - Wrist shot by Jamie MacQueen.
10:09 of 3rd period - Shot Misses the Net.
10:23 of 3rd period - Wrist shot by Jerome Samson.
10:23 of 3rd period - Stopped by Ray Emery with a rebound.
11:14 of 3rd period - Off-side.
11:15 of 3rd period - Kevin Sundher wins face-off versus Ryan Spooner in neutral zone.
12:18 of 3rd period - Slapshot by Nate Schmidt.
12:18 of 3rd period - Stopped by Ray Emery with a rebound.
12:30 of 3rd period - Slapshot by Doug Janik.
12:30 of 3rd period - Stopped by Ray Emery with a rebound.
13:50 of 3rd period - Andy Miele is hit by Kale Kessy and loses puck.
14:07 of 3rd period - Jerome Samson is hit by Daniel New and loses puck.
15:19 of 3rd period - Slapshot by Nate Schmidt.
15:19 of 3rd period - Stopped by Ray Emery without a rebound.
15:20 of 3rd period - Nick Drazenovic wins face-off versus Ryan Spooner in Barons zone.
16:05 of 3rd period - Wrist shot by Spencer Abbott.
16:05 of 3rd period - Stopped by Ray Emery with a rebound.
16:11 of 3rd period - Snap shot by Nick Drazenovic.
16:11 of 3rd period - Shot Misses the Net.
16:39 of 3rd period - Snap shot by Chris Porter.
16:39 of 3rd period - Shot Blocked by Kevin Sundher.
17:09 of 3rd period - Max Reinhart is hit by Chuck Kobasew and loses puck.
17:16 of 3rd period - David Musil is hit by Dylan DeMelo and loses puck.
18:00 of 3rd period - Shawn Thornton is hit by Nick Cousins and loses puck.
18:09 of 3rd period - Snap shot by Ryan Spooner.
18:09 of 3rd period - Shot Misses the Net.
18:15 of 3rd period - Saku Koivu is hit by Jerome Samson and loses puck.
Goals for this period are 0 for Americans vs 1 for Barons.
Shots for this period are 16 for Americans vs 3 for Barons.

Overtime #1


0:01 of 1st overtime period - Jerome Samson wins face-off versus Ryan Spooner in neutral zone.
0:30 of 1st overtime period - Snap shot by Ryan Spooner.
0:30 of 1st overtime period - Stopped by Petr Mrazek without a rebound.
0:31 of 1st overtime period - Ryan Spooner wins face-off versus Jerome Samson in Americans zone.
1:05 of 1st overtime period - Slapshot by Ryan Spooner.
1:05 of 1st overtime period - Shot Blocked by Max Reinhart.
1:07 of 1st overtime period - Snap shot by Ryan Spooner.
1:07 of 1st overtime period - Shot Misses the Net.
1:09 of 1st overtime period - Slapshot by John Negrin.
1:09 of 1st overtime period - Shot Misses the Net.
1:11 of 1st overtime period - Wrist shot by Devin Setoguchi.
1:11 of 1st overtime period - Goal by Devin Setoguchi - Americans : 1 - Barons : 2.
Goals for this period are 0 for Americans vs 1 for Barons.
Shots for this period are 0 for Americans vs 2 for Barons.


Output by the SimonT Hockey Simulator (STHS) for Eric Dolegowski -- Original Page W3C XHTML 1.0 Valid
Hockey Simulator - Hockey Simulation - Hockey Manager